 Dungeon Crawl Stone Soup version 0.30-a0-145-g03d90e2e6d (webtiles) character file.

Game seed: 10146751538646568703

3923 qw the Cleaver (level 10, 0/48 HPs)
             Began as a Gargoyle Fighter on Sept 26, 2022.
             Was a Follower of Okawaru.
             Collided with a rock wall (5 damage)
             ... caused by a wretched star
             ... on level 1 of the Abyss.
             The game lasted 00:03:10 (8564 turns).

qw the Cleaver (Gargoyle Fighter)                   Turns: 8564, Time: 00:03:11

Health: 0/48       AC: 26    Str: 27    XL:     10   Next: 20%
Magic:  9/11       EV:  9    Int:  9    God:    Okawaru [*.....]
Gold:   268        SH: 11    Dex:  9    Spells: 9/9 levels left

rFire   x . .      SeeInvis +    Y - +7 broad axe
rCold   + . .      Faith    .    q - +0 kite shield
rNeg    + . .      Spirit   .    e - +0 chain mail "Sitat" {Fly rF- Str+3 SInv}
rPois   inf        Reflect  .    (no helmet)
rElec   +          Harm     .    h - +1 cloak
rCorr   .          Rampage  .    b - +2 pair of gloves
Will    +....                    t - +0 pair of boots
Stlth   ..........               (no amulet)
HPRegen 0.16/turn                o - ring of willpower
MPRegen 0.12/turn                (no ring)

@: heroic, flying
A: sickness immunity, AC +7, negative energy resistance 1, electricity
resistance, torment resistance 1, petrification resistance, hooves 1, cold
resistance 1, [frail 2]
a: Renounce Religion, Heroism


You were on level 1 of the Abyss.
You worshipped Okawaru.
Okawaru was aware of your devotion.
You visited 2 branches of the dungeon, and saw 9 of its levels.
You visited the Abyss 1 time.
You also visited: Sewer.

You collected 567 gold pieces.
You spent 299 gold pieces at shops.


Innate Abilities, Weirdness & Mutations

You are immune to sickness and miasma.
Your stone body is resilient. (AC +7)
You are immune to poison.
You resist negative energy. (rN+)
You are resistant to electric shocks. (rElec)
You are resistant to unholy torment.
You are immune to petrification.
You have large cloven feet.
Your flesh is cold resistant. (rC+)
[You are very frail. (-20% HP)]


   Skills:
 + Level 6.5(11.5) Fighting
 - Level 9.1(14.1) Axes
 - Level 1.9(6.9) Throwing
 - Level 6.6(11.6) Armour
 - Level 1.6(6.6) Dodging
 - Level 8.0(13.0) Shields
 + Level 2.0 Invocations


You had 9 spell levels left.
You didn't know any spells.
Your spell library was empty.

Inventory:

Hand Weapons
 a - a +0 flail
 Y - a +7 broad axe (weapon)
Missiles
 v - 5 boomerangs (quivered)
Armour
 b - a +2 pair of gloves (worn)
 e - the +0 chain mail "Sitat" (worn) {Fly rF- Str+3 SInv}
   (You found it on level 5 of the Dungeon)

   Str:       It affects your strength (+3).
   rF:        It makes you vulnerable to fire.
   SInv:      It lets you see invisible.
   Fly:       It grants you flight.
 h - a +1 cloak (worn)
 l - a +2 scale mail of fire resistance
 q - a +0 kite shield (worn)
 t - a +0 pair of boots (worn)
 u - a +0 chain mail
Jewellery
 n - a ring of see invisible
 o - a ring of willpower (left hand)
Scrolls
 g - 3 scrolls of identify
 j - 6 scrolls of teleportation
Potions
 c - 2 potions of heal wounds
 d - 3 potions of might
 f - 2 potions of curing
 i - a potion of haste
 k - a potion of lignification
 m - 3 potions of mutation
 p - 2 potions of resistance
 r - a potion of attraction

Dungeon Overview and Level Annotations

Branches:
Dungeon (8/15)             Temple (1/1) D:7           Sewer (visited)
   Lair: D:8-11

Altars:
Ashenzari
Cheibriados
Gozag
Hepliaklqana
Kikubaaqudgha
Nemelex Xobeh
Okawaru
Qazlal
Sif Muna
Trog
Uskayaw
Vehumet
Wu Jian
Yredelemnul
Zin
The Shining One

Shops:
D:7 *


Message History

You feel like a meek peon again.
A wretched star comes into view.
8553 ||| Stepping ~*~*~tactically~*~*~ (stealth).
You slash the wretched star!
The wretched star is moderately damaged.
The wretched star glows turbulently.
The lance of force hits you!
You are knocked back by the lance of force.
You slam into the rock wall!
8556 ||| INVOKING Heroism.
You fail to use your ability.
The wretched star glows turbulently.
The lance of force hits you but does no damage.
8557 ||| INVOKING Heroism.
You gain the combat prowess of a mighty hero.
The wretched star glows turbulently.
The lance of force misses you.
You hit the wretched star but do no damage.
The wretched star is moderately damaged.
You hit the wretched star.
The wretched star is moderately damaged.
You hit the wretched star but do no damage.
The wretched star is moderately damaged.
The wretched star glows turbulently.
You block the lance of force.
You slice the wretched star!!
The wretched star is heavily damaged.
The wretched star pulses with an eldritch light!
You feel frail. x2
You hit the wretched star but do no damage.
The wretched star is heavily damaged.
The wretched star glows turbulently.
The lance of force misses you.
You barely miss the wretched star.
The wretched star is heavily damaged.
The wretched star glows turbulently.
The lance of force hits you!!
Ouch! That really hurt!
You are knocked back by the lance of force.
You slam into the rock wall!
You die...

##.#. .... #
#..## ... # #.
.. ...## .#.#
.#\#####...# ..#
..
.....##...#.###
.
.......#.....#..
.........*.@#
#.# .
...\..#.....# .
##.###.####...#
.#.. .#.#...
.... ....### # .
.# ..## . .#. .
# . . . ..## ..
.


You could see a wretched star.

Vanquished Creatures
  A thrashing horror (Abyss:1)
  A wyvern (D:8)
  A ynoxinul (Abyss:1)
  A large abomination (Abyss:1)
  An acid dragon (D:8)
  A water moccasin (D:6)
  A small abomination (Abyss:1)
  A sky beast (D:7)
  An ogre (D:5)
  9 kobold brigands
  A centaur (D:5)
  A gnoll sergeant (D:8)
  2 scorpions
  5 bullfrogs
  A necrophage (D:6)
  3 wights (D:7)
  3 howler monkeys
  A jelly (D:6)
  4 orc priests (D:5)
  A hound (D:4)
  A gnoll bouda (D:5)
  2 iguanas
  3 orc wizards
  9 adders
  17 gnolls
  2 river rats (Sewer)
  3 white imps
  6 worms
  A dart slug (D:3)
  27 orcs
  10 endoplasms
  6 giant cockroaches
  5 goblins
  2 hobgoblins
  A quokka (D:5)
  9 ball pythons
  8 bats
  4 frilled lizards
  5 kobolds
  6 rats
167 creatures vanquished.

Vanquished Creatures (collateral kills)
  A wight (D:7)
  3 killer bees (D:7)
4 creatures vanquished.

Vanquished Creatures (others)
  An orc wizard (D:8)
1 creature vanquished.

Grand Total: 172 creatures vanquished

Notes
Turn   | Place    | Note
-------+----------+-------------------------------------------
     0 | D:1      | qw the Gargoyle Fighter began the quest for the Orb.
     0 | D:1      | Reached XP level 1. HP: 14/14 MP: 1/1
     0 | D:1      | 0 ||| qw: Version: 0.2-a-10-g399e6c4
     0 | D:1      | 0 ||| qw: Game counter: 489
     0 | D:1      | 0 ||| qw: Always use a shield: true
     0 | D:1      | 0 ||| qw: God list: Okawaru
     0 | D:1      | 0 ||| qw: Allow faded altars: false
     0 | D:1      | 0 ||| qw: Do Orc after D:15 true
     0 | D:1      | 0 ||| qw: Do second Lair branch before Depths: true
     0 | D:1      | 0 ||| qw: Lair rune preference: random
     0 | D:1      | 0 ||| qw: Plans: Normal, Zot:1-4, God:TSO, Crypt, Tomb,
                  | Pan, Slime:5, Hells, Abyss, Orb
     0 | D:1      | 0 ||| PLANNING D:1-11
    40 | D:1      | Reached skill level 2 in Axes
    42 | D:1      | 42 ||| Stepping ~*~*~tactically~*~*~ (stealth).
   232 | D:1      | Reached XP level 2. HP: 17/19 MP: 2/2
   311 | D:1      | 311 ||| DROPPING +0 club.
   531 | D:1      | 531 ||| SWAPPING to +0 broad axe.
   543 | D:1      | 543 ||| DROPPING +0 war axe.
   619 | D:1      | 619 ||| Stepping ~*~*~tactically~*~*~ (stealth).
  1007 | D:1      | 1007 ||| UPGRADING to ring of willpower.
  1008 | D:1      | 1008 ||| READING scroll labelled IHAHUC ATUMUST.
  1009 | D:1      | 1009 ||| READING 2 scrolls labelled TOOGYL CEXUCI.
  1010 | D:1      | 1010 ||| READING scroll labelled LYTETW QIEHUA.
  1011 | D:1      | 1011 ||| READING scroll labelled XAENGELUTH.
  1012 | D:1      | 1012 ||| READING scroll labelled MYDYGO AZXI.
  1013 | D:1      | 1013 ||| DROPPING scroll of poison.
  1082 | D:2      | 1082 ||| Stepping ~*~*~tactically~*~*~ (stealth).
  1154 | D:2      | Reached skill level 3 in Axes
  1223 | D:2      | Reached XP level 3. HP: 19/23 MP: 3/3
  1795 | D:2      | 1795 ||| UPGRADING to +0 kite shield.
  1805 | D:2      | 1805 ||| DROPPING +0 buckler.
  1806 | D:2      | 1806 ||| READING 2 scrolls labelled PYJIEROEGE.
  1809 | D:2      | 1809 ||| DRINKING 2 white potions.
  1810 | D:2      | 1810 ||| DRINKING 3 fizzy purple potions.
  1810 | D:2      | Gained mutation: Your flesh is cold resistant. (rC+)
                  | [potion of mutation]
  1810 | D:2      | Gained mutation: You have large cloven feet. [potion of
                  | mutation]
  1811 | D:2      | 1811 ||| READING 3 scrolls of identify.
  1811 | D:2      | 1811 ||| IDENTIFYING puce potion
  1812 | D:2      | 1812 ||| READING 2 scrolls of identify.
  1812 | D:2      | 1812 ||| IDENTIFYING amethyst potion
  1813 | D:2      | 1813 ||| DROPPING potion of degeneration.
  1814 | D:2      | 1814 ||| DROPPING potion of magic.
  1861 | D:3      | 1861 ||| STAIRDANCE
  1937 | D:3      | Reached XP level 4. HP: 26/28 MP: 4/4
  1964 | D:3      | Found a radiant altar of Vehumet.
  2031 | D:3      | 2031 ||| Stepping ~*~*~tactically~*~*~ (stealth).
  2082 | D:3      | 2082 ||| DROPPING +0 whip.
  2164 | D:3      | 2164 ||| Stepping ~*~*~tactically~*~*~ (stealth).
  2167 | D:3      | 2167 ||| Stepping ~*~*~tactically~*~*~ (stealth).
  2177 | D:3      | Reached skill level 4 in Axes
  2177 | D:3      | Reached XP level 5. HP: 24/32 MP: 5/5
  2420 | D:3      | 2420 ||| Stepping ~*~*~tactically~*~*~ (hiding).
  2421 | D:3      | 2421 ||| Stepping ~*~*~tactically~*~*~ (hiding).
  2423 | D:3      | 2423 ||| Stepping ~*~*~tactically~*~*~ (hiding).
  2688 | D:3      | Found a faded altar of an unknown god.
  3001 | D:3      | 3001 ||| UPGRADING to +1 cloak.
  3006 | D:3      | 3006 ||| DROPPING +6 ring of intelligence.
  3007 | D:3      | 3007 ||| READING scroll labelled VAUPTU KEAFF.
  3008 | D:3      | 3008 ||| READING scroll labelled GUAT ERHOJIMAKYS.
  3009 | D:3      | 3009 ||| READING scroll labelled BIQEW OHISYNUM.
  3010 | D:3      | 3010 ||| DRINKING 2 purple potions.
  3085 | D:4      | 3085 ||| PLANNING SEWER
  3191 | D:4      | Found a snail-covered altar of Cheibriados.
  3191 | D:4      | Found a sparkling altar of Nemelex Xobeh.
  3390 | D:4      | Found a glowing drain.
  3391 | D:4      | 3391 ||| READING 2 scrolls of identify.
  3391 | D:4      | 3391 ||| IDENTIFYING glowing cyan potion
  3400 | Sewer    | Entered a sewer
  3448 | Sewer    | Noticed a kobold brigand
  3462 | Sewer    | Killed a kobold brigand
  3463 | Sewer    | Reached XP level 6. HP: 37/37 MP: 6/6
  3510 | Sewer    | Reached skill level 5 in Axes
  3716 | Sewer    | Reached skill level 1 in Dodging
  3716 | Sewer    | Reached XP level 7. HP: 37/43 MP: 7/7
  3768 | Sewer    | 3768 ||| Stepping ~*~*~tactically~*~*~ (water).
  3833 | Sewer    | 3833 ||| Stepping ~*~*~tactically~*~*~ (water).
  3883 | Sewer    | 3883 ||| Stepping ~*~*~tactically~*~*~ (water).
  4031 | Sewer    | Reached skill level 6 in Axes
  4163 | Sewer    | Reached skill level 6 in Shields
  4204 | Sewer    | 4204 ||| READING scroll labelled QENAUWNECIU.
  4225 | D:4      | 4225 ||| PLANNING D:1-11
  4543 | D:4      | Found a hide-covered altar of Uskayaw.
  4702 | D:4      | 4702 ||| READING 2 scrolls of identify.
  4702 | D:4      | 4702 ||| IDENTIFYING inky potion
  4739 | D:5      | Entered Level 5 of the Dungeon
  4758 | D:5      | Reached XP level 8. HP: 18/48 MP: 8/8
  4947 | D:5      | Identified the +10 hand axe of the Illusory Princes
                  | {vorpal, rN+}
  4955 | D:5      | 4955 ||| READING scroll of enchant weapon.
  4955 | D:5      | 4955 ||| ENCHANTING +1 broad axe.
  4958 | D:5      | 4958 ||| Stepping ~*~*~tactically~*~*~ (hiding).
  5183 | D:5      | Reached skill level 7 in Axes
  5212 | D:5      | Identified the +0 chain mail "Sitat" {Fly rF- Str+3 SInv}
  5410 | D:5      | 5410 ||| READING scroll of enchant weapon.
  5410 | D:5      | 5410 ||| ENCHANTING +2 broad axe.
  5763 | D:5      | 5763 ||| Stepping ~*~*~tactically~*~*~ (hiding).
  5765 | D:5      | 5765 ||| FLEEEEING.
  5848 | D:5      | 5848 ||| READING scroll of enchant weapon.
  5848 | D:5      | 5848 ||| ENCHANTING +3 broad axe.
  6088 | D:5      | 6088 ||| UPGRADING to +0 chain mail "Sitat" {Fly rF- Str+3
                  | SInv}.
  6098 | D:5      | 6098 ||| DROPPING +0 scale mail.
  6099 | D:5      | 6099 ||| UPGRADING to +0 pair of boots.
  6104 | D:5      | 6104 ||| READING scroll labelled YRANAREGETT.
  6105 | D:5      | 6105 ||| READING scroll labelled ETOLICY WOSSATSU.
  6426 | D:6      | Identified the +8 hand axe "Irysagy" {vorpal, +Blink}
  6610 | D:6      | 6610 ||| READING scroll of enchant weapon.
  6610 | D:6      | 6610 ||| ENCHANTING +4 broad axe.
  6873 | D:6      | 6873 ||| UPGRADING to +2 pair of gloves.
  6878 | D:6      | 6878 ||| DROPPING +0 pair of gloves.
  6879 | D:6      | 6879 ||| READING scroll labelled UZUIHO SILLEZO.
  6880 | D:6      | 6880 ||| READING 4 scrolls of identify.
  6880 | D:6      | 6880 ||| IDENTIFYING metallic clear potion
  6881 | D:6      | 6881 ||| READING 3 scrolls of identify.
  6881 | D:6      | 6881 ||| IDENTIFYING fizzy grey potion
  6882 | D:6      | 6882 ||| READING 2 scrolls of identify.
  6882 | D:6      | 6882 ||| IDENTIFYING sedimented red potion
  6883 | D:6      | 6883 ||| DROPPING potion of brilliance.
  6884 | D:6      | 6884 ||| DROPPING potion of invisibility.
  6966 | D:7      | Reached XP level 9. HP: 54/54 MP: 9/9
  7007 | D:7      | Found Ballynga's General Store.
  7018 | D:7      | 7018 ||| BUYING +2 scale mail of fire resistance (273
                  | gold).
  7018 | D:7      | Bought a +2 scale mail of fire resistance for 273 gold
                  | pieces
  7018 | D:7      | 7018 ||| SHOPLISTING amulet of reflection (390 gold, have
                  | 178).
  7018 | D:7      | 7018 ||| BUYING scroll of identify (26 gold).
  7018 | D:7      | Bought a scroll of identify for 26 gold pieces
  7137 | D:7      | Reached skill level 1 in Throwing
  7156 | D:7      | Found a hazy altar of Hepliaklqana.
  7273 | D:7      | Reached skill level 8 in Axes
  7513 | D:7      | Found a staircase to the Ecumenical Temple.
  7514 | D:7      | 7514 ||| PLANNING TEMPLE
  7538 | D:7      | 7538 ||| READING scroll labelled BEFYIF XEOTOIMM.
  7545 | D:7      | Reached skill level 6 in Fighting
  7552 | Temple   | Entered the Ecumenical Temple
  7553 | Temple   | 7553 ||| PLANNING OKAWARU WORSHIP
  7557 | Temple   | Became a worshipper of Warmaster Okawaru
  7558 | Temple   | 7558 ||| PLANNING D:1-11
  7569 | D:7      | 7569 ||| READING scroll of enchant weapon.
  7569 | D:7      | 7569 ||| ENCHANTING +5 broad axe.
  7726 | D:8      | HP: 1/55 [gnoll sergeant/+6 spear of distortion (22)]
  7727 | D:8      | 7727 ||| READING 7 scrolls of teleportation.
  7728 | D:8      | 7728 ||| DRINKING 3 potions of heal wounds.
  7946 | D:8      | Found a broken altar of Ashenzari.
  8080 | D:8      | 8080 ||| Stepping ~*~*~tactically~*~*~ (stealth).
  8082 | D:8      | 8082 ||| Stepping ~*~*~tactically~*~*~ (stealth).
  8083 | D:8      | Found a snail-covered altar of Cheibriados.
  8177 | D:8      | 8177 ||| READING scroll of enchant weapon.
  8177 | D:8      | 8177 ||| ENCHANTING +6 broad axe.
  8324 | D:8      | Reached skill level 9 in Axes
  8454 | Abyss:1  | Cast into level 1 of the Abyss (gnoll sergeant)
  8455 | Abyss:1  | 8455 ||| DRINKING 2 orange potions.
  8474 | Abyss:1  | Noticed a thrashing horror
  8475 | Abyss:1  | 8475 ||| Stepping ~*~*~tactically~*~*~ (stealth).
  8479 | Abyss:1  | Killed a thrashing horror
  8479 | Abyss:1  | Reached * piety under Okawaru
  8480 | Abyss:1  | Reached skill level 6 in Armour
  8480 | Abyss:1  | Reached XP level 10. HP: 57/60 MP: 10/10
  8482 | Abyss:1  | 8482 ||| INVOKING Heroism.
  8483 | Abyss:1  | 8483 ||| INVOKING Heroism.
  8489 | Abyss:1  | 8489 ||| Stepping ~*~*~tactically~*~*~ (stealth).
  8492 | Abyss:1  | Reached skill level 1 in Invocations
  8496 | Abyss:1  | 8496 ||| INVOKING Heroism.
  8552 | Abyss:1  | Noticed a wretched star
  8553 | Abyss:1  | 8553 ||| Stepping ~*~*~tactically~*~*~ (stealth).
  8556 | Abyss:1  | 8556 ||| INVOKING Heroism.
  8557 | Abyss:1  | 8557 ||| INVOKING Heroism.
  8564 | Abyss:1  | HP: 5/48 [wretched star/lance of force (28)]
  8564 | Abyss:1  | Collided with a rock wall

Levels and vault maps discovered:
D:1:      minmay_arrival_floating_metal, layout_basic, minmay_strange_pillars,
          serial_park_tiny_pond
D:2:      layout_basic
D:3:      layout_basic, nicolae_vehumet_radiance,
          dreamdust_ecumenical_altar_hidden_monk_grotto, minmay_misc_feat_five
D:4:      layout_loops_ring, old_standard_altar,
          gammafunk_temple_overflow_statue, portal_sewer_entry_d, nrook_uturn,
          chequers_mini_garden
D:5:      layout_basic
D:6:      layout_cave_pods, minivault_27
D:7:      layout_loops_ring, worldfamousw_hep_ancestral_shrine,
          minmay_temple_entry_nine_rooms, minmay_shop_grid_forest,
          minmay_misc_feat_room, minmay_misc_feat_tower
D:8:      layout_basic, ashenzari_conservatory_becter, hangedman_feature_mirror,
          hangedman_decor_lopped
Temple:   hellmonk_temple_micro_hex
Abyss:1:  base:
D:2

Skill      XL: |  1  2  3  4  5  6  7  8  9 10 |
---------------+-------------------------------+-----
Axes           | 2 3 4 5 6 7 9 |  9.1
Shields        | 4 5 6 7 8 |  8.0
Fighting       | 4 5 6 |  6.5
Dodging        | 1 |  1.6
Armour         | 6 |  6.6
Throwing       | 1 |  1.9
Invocations    | 2 |  2.0

Action                   |  1- 3 |  4- 6 |  7- 9 | 10-12 || total
-------------------------+-------+-------+-------+-------++-------
Melee: War axe           |    29 |       |       |       ||    29
       Broad axe         |   107 |   126 |   253 |    20 ||   506
       Kick              |     4 |    26 |    17 |       ||    47
Throw: Boomerang         |       |       |    23 |       ||    23
Invok: Heroism           |       |       |       |     3 ||     3
  Use: Scroll            |     8 |     4 |    16 |       ||    28
       Potion            |     2 |     1 |     2 |       ||     5
Armor: Scale mail        |    76 |    54 |    69 |       ||   199
       Chain mail        |       |       |    97 |     4 ||   101
Dodge: Dodged            |    49 |    51 |    76 |     4 ||   180
Block: Buckler           |    33 |       |       |       ||    33
       Kite shield       |    10 |    59 |   147 |     5 ||   221

Table legend:
 A = Non-vault XP
 B = Vault XP
 C = Vault XP percentage of total XP
 D = Non-vault monster count
 E = Vault monster count
 F = Vault count percentage of total count
                 A         B        C        D         E       F
            +---------+---------+-------+---------+---------+-------
      Total |    4461 |    1144 |  20.4 |     139 |      32 |  18.7
            +---------+---------+-------+---------+---------+-------
        D:1 |      24 |       0 |   0.0 |      16 |       0 |   0.0
        D:2 |      47 |       0 |   0.0 |      19 |       0 |   0.0
        D:3 |     161 |       0 |   0.0 |      20 |       0 |   0.0
        D:4 |      60 |      14 |  18.9 |       5 |       1 |  16.7
        D:5 |     667 |       0 |   0.0 |      27 |       0 |   0.0
        D:6 |     476 |       0 |   0.0 |      12 |       0 |   0.0
        D:7 |    1032 |       0 |   0.0 |      19 |       0 |   0.0
        D:8 |     664 |     253 |  27.6 |      17 |       3 |  15.0
    Abyss:1 |    1330 |       0 |   0.0 |       4 |       0 |   0.0
      Sewer |       0 |     877 | 100.0 |       0 |      28 | 100.0
            +---------+---------+-------+---------+---------+-------
